AoeStats
← [HOBO]Drifter

African Clearing

510644314Analyzed
4v4 RM · 18h ago on Oct 1, 2026· 52m 39s· 8 players
Game mode
Random Map
Map size
Large (8 player)
Population
200
Speed
Normal
Resources
Standard
Victory
Conquest
Starting age
Dark Age
Ending age
Imperial Age
RankedLock teamsTeams togetherTeam positionsShared explorationLock speedFull tech treeHidden civsTurbo modeCheats
Victory
Defeat
🇳🇴 Sicilians · Norway
1448
+11
🇺🇸 Persians · United States
1447
+11
🇦🇷 Vietnamese · Argentina
1332
+15
🇨🇴 Danes · Colombia
1322
+16
🇺🇸 Berbers · United States
1364
-15
🇨🇱 Magyars · Chile
1342
-14
🇧🇷 Vietnamese · Brazil
1341
-14
🇲🇽 Ethiopians · Mexico
1253
-10
Franco
5:17 Loom
12:27 Feudal Age
15:09 Fletching
16:00 Padded Archer Armor
19:43 Wheelbarrow
21:39 Horse Collar
26:10 Castle Age
27:49 Crossbowman
29:37 Heavy Plow
30:21 Double-Bit Axe
32:21 Bodkin Arrow
36:52 Leather Archer Armor
38:49 Thumb Ring
40:12 Bow Saw
44:41 Imperial Age
43:08 Ballistics
43:29 Elite Skirmisher
44:24 Elite Skirmisher
45:00 Gold Mining
45:01 Stone Mining
44:50 Arbalester
45:40 Bracer
47:06 Hand Cart
CumanoBorracho92
3:05 Loom
14:15 Feudal Age
18:40 Castle Age
16:40 Double-Bit Axe
22:07 Wheelbarrow
23:02 Horse Collar
24:05 Fletching
25:03 Husbandry
27:13 Heavy Plow
27:12 Town Watch
28:14 Ballistics
28:48 Bloodlines
29:24 Hand Cart
30:09 Masonry
30:55 Fervor
31:06 Sanctity
30:56 Thumb Ring
32:56 Bow Saw
33:00 Town Patrol
38:23 Imperial Age
37:41 Gold Mining
37:43 Stone Mining
37:52 Bodkin Arrow
37:57 Padded Archer Armor
40:15 Parthian Tactics
39:10 Heavy Cavalry Archer
40:20 Parthian Tactics
40:58 Chemistry
40:01 Recurve Bow
40:26 Murder Holes
42:11 Hoardings
43:06 Bracer
43:22 Leather Archer Armor
46:20 Ring Archer Armor
48:02 Pikeman
48:44 Scale Mail Armor
49:30 Conscription
[HOBO]Drifter
7:56 Loom
17:41 Feudal Age
18:13 Double-Bit Axe
23:36 Castle Age
22:50 Horse Collar
24:32 Bloodlines
24:23 Husbandry
38:16 Forging
39:11 Bow Saw
39:10 Scale Mail Armor
42:25 Wheelbarrow
44:25 Imperial Age
42:46 Scale Barding Armor
43:17 Iron Casting
43:28 Fletching
43:38 Padded Archer Armor
45:09 Bodkin Arrow
45:21 Heavy Plow
46:55 Conscription
47:48 Gold Mining
48:43 Ballistics
49:28 Bracer
50:35 Chemistry
49:41 Siege Engineers
Setrakian
3:52 Loom
12:12 Feudal Age
13:52 Double-Bit Axe
16:01 Town Watch
21:36 Castle Age
20:06 Fletching
21:05 Padded Archer Armor
21:57 Crossbowman
28:37 Gold Mining
30:20 Bodkin Arrow
32:00 Wheelbarrow
31:27 Horse Collar
32:25 Squires
34:26 Thumb Ring
34:42 Leather Archer Armor
36:46 Bow Saw
37:39 Heavy Plow
38:27 Gold Shaft Mining
43:14 Imperial Age
40:49 Heavy Plow
41:38 Scale Mail Armor
41:59 Forging
42:24 Ballistics
44:35 Conscription
44:21 Bracer
43:57 Arbalester
47:25 Chain Mail Armor
48:13 Ring Archer Armor
49:48 Plate Mail Armor
Commander Ricky
8:15 Loom
11:42 Feudal Age
13:47 Double-Bit Axe
17:36 Fletching
19:32 Padded Archer Armor
29:25 Castle Age
29:25 Gold Mining
29:30 Elite Skirmisher
29:31 Crossbowman
30:15 Bodkin Arrow
33:36 Bow Saw
36:48 Wheelbarrow
37:16 Thumb Ring
38:50 Town Watch
43:43 Hand Cart
44:04 Ballistics
43:47 Horse Collar
45:05 Heavy Plow
45:30 Leather Archer Armor
48:17 Imperial Age
48:16 Masonry
48:17 Imperial Skirmisher
49:01 Bracer
50:13 Chemistry
51:20 Arbalester
Snavle
7:37 Loom
14:47 Feudal Age
18:58 Castle Age
17:20 Double-Bit Axe
21:03 Horse Collar
22:54 Bow Saw
28:19 Scale Barding Armor
28:24 Heavy Plow
29:09 Forging
30:51 Wheelbarrow
30:02 Town Watch
30:24 Gold Mining
30:38 Husbandry
31:22 Bloodlines
31:44 Stone Mining
32:36 Gold Shaft Mining
33:46 Chain Barding Armor
34:51 Fletching
36:30 Iron Casting
37:52 Hand Cart
40:18 Imperial Age
37:53 Bodkin Arrow
39:23 Stone Shaft Mining
39:25 Ballistics
39:01 Murder Holes
40:38 Town Patrol
40:33 Cavalier
42:01 Plate Barding Armor
41:32 Hauberk
44:12 Blast Furnace
43:37 Masonry
45:50 Bracer
45:50 Padded Archer Armor
46:52 Chemistry
47:09 Conscription
47:03 Elite Skirmisher
48:00 Leather Archer Armor
47:52 Siege Engineers
48:48 Imperial Skirmisher
50:18 Hoardings
50:56 Capped Ram
Caballero Cruzado
5:13 Loom
15:25 Feudal Age
19:27 Castle Age
17:45 Double-Bit Axe
19:04 Wheelbarrow
18:28 Stone Mining
19:54 Wheelbarrow
20:53 Bow Saw
21:10 Gold Mining
22:42 Scale Mail Armor
26:25 Forging
28:17 Fletching
32:22 Chain Mail Armor
33:00 Iron Casting
32:39 Squires
32:25 Arson
41:02 Imperial Age
39:31 Hand Cart
39:02 Town Watch
39:25 Bodkin Arrow
39:03 Hamask
42:21 Horse Collar
43:58 Gold Shaft Mining
43:54 Heavy Plow
44:45 Stone Shaft Mining
43:59 Elite Jomsviking
46:32 Blast Furnace
46:02 Plate Mail Armor
46:40 Conscription
48:08 Bracer
48:13 Pikeman
52:12 Halberdier
52:13 Elite Varangian Guard
Arribia
10:40 Loom
13:22 Feudal Age
15:33 Wheelbarrow
17:53 Castle Age
17:10 Double-Bit Axe
17:37 Scale Barding Armor
19:00 Chain Barding Armor
19:41 Bow Saw
28:39 Forging
31:13 Pikeman
32:57 Bloodlines
33:21 Husbandry
39:35 Horse Collar
39:48 Gold Mining
44:40 Imperial Age
43:00 Iron Casting
43:56 Gold Shaft Mining
43:21 Heavy Plow
44:42 Cavalier
46:14 Plate Barding Armor
46:05 Savar
Connection lost

Rejoining the realm…

Still unreachable

The connection could not be restored.

Session expired

The server has moved on; the page needs a fresh start.